Map: Lightshade LE

Players

Erik

  • Race: Zerg Zerg
  • League: Master

Kelazhur - Winner!

  • Race: Terran Terran

Event: DreamHack SC2 Masters 2021 Summer

VOD

Have the link to the VOD?

Description

Time

  • Played on: May 21, 2021, 4:30 p.m.
  • Length: 11:08

All games in this series

Show
View Real Time Build Order
Export as new Build Order

Erik Zerg 

Build Orders: Hatch First 

Get SALT Encoding   

  12  0:00  Drone  
  13  0:12  Overlord  
  13  0:16  Drone  
  14  0:30  Drone x2  
  16  0:48  Hatchery  
  15  0:51  Drone  
  15  0:54  Drone  
  17  0:57  Drone  
  18  1:08  Extractor  
  17  1:13  Spawning Pool  
  17  1:15  Drone  
  17  1:18  Drone  
  18  1:27  Drone  
  19  1:39  Drone  
  20  1:50  Drone  
  21  2:00  Queen x2  
  25  2:01  Zergling x4  
  27  2:12  Hatchery  
  26  2:18  Overlord  
  26  2:20  Drone  
  27  2:29  Drone  
  28  2:41  Drone x3  
  28  2:42  Queen  
  31  2:57  Roach Warren, Overlord  
  30  2:58  Drone  
  30  2:59  Drone  
  30  3:00  Drone  
  33  3:07  Drone x2  
  33  3:11  Drone  
  36  3:13  Overlord  
  36  3:18  Drone x2  
  38  3:24  Queen  
  40  3:37  Roach x3  
  40  3:38  Roach  
  40  3:39  Overlord  
  48  3:44  Drone x2  
  48  3:46  Drone  
  48  3:47  Drone  
  52  3:49  Drone  
  52  3:52  Overlord  
  53  4:00  Drone x4  
  57  4:05  Drone x2  
  57  4:06  Extractor  
  58  4:11  Overlord  
  58  4:12  Drone x3  
  61  4:21  Drone x5  
  66  4:29  Queen  
  67  4:31  Drone x3  
  67  4:35  Drone x4  
  74  4:38  Overlord  
  74  4:46  Overlord  
  74  4:47  Lair  
  74  4:50  Extractor  
  74  4:52  Extractor  
  72  4:54  Overlord  
  72  4:55  Drone x2  
  74  5:05  Drone x6  
  74  5:06  Drone  
  77  5:11  Drone x6  
  77  5:12  Spore Crawler  
  82  5:16  Spore Crawler  
  82  5:21  Drone x2  
  80  5:32  Spore Crawler  
  80  5:33  Drone x6  
  80  5:34  Evolution Chamber  
  84  5:36  Extractor, Evolution Chamber  
  84  5:37  Extractor  
  81  5:45  Hatchery  
  81  5:46  Glial Reconstitution  
  79  5:51  Drone  
  79  5:52  Overlord  
  79  5:54  Roach x5  
  79  5:55  Roach  
  92  6:01  Zerg Missile Weapons Level 1  
  92  6:02  Zerg Ground Armor Level 1  
  92  6:08  Roach  
  92  6:09  Roach x2  
  98  6:11  Overlord  
  98  6:12  Overlord  
  98  6:17  Metabolic Boost  
  98  6:20  Hydralisk Den  
  98  6:25  Drone x2  
  99  6:29  Drone x2  
  99  6:30  Drone  
  99  6:31  Drone  
  99  6:32  Drone x2  
  105  6:36  Roach x4  
  105  6:37  Pneumatized Carapace  
  113  6:40  Ravager  
  113  6:41  Ravager x2  
  116  6:47  Drone x3  
  116  6:48  Drone x3  
  116  6:53  Muscular Augments  
  116  6:54  Extractor  
  121  6:55  Drone  
  121  6:58  Extractor, Overlord  
  121  7:00  Spore Crawler  
  120  7:02  Burrow  
  120  7:04  Drone  
  120  7:05  Tunneling Claws  
  120  7:08  Zergling x14  
  127  7:26  Drone x2  
  127  7:28  Drone x2  
  127  7:29  Drone  
  124  7:31  Drone x4  
  124  7:32  Drone  
  124  7:36  Drone  
  126  7:37  Drone x3  
  126  7:38  Drone  
  126  7:40  Spore Crawler  
  126  7:41  Hydralisk x2  
  133  7:46  Overseer  
  133  7:47  Nydus Network  
  133  7:51  Hydralisk x2  
  132  7:53  Overlord x4  
  132  7:54  Overlord  
  136  8:06  Zerg Missile Weapons Level 2  
  136  8:07  Zerg Melee Weapons Level 1  
  136  8:11  Queen  
  132  8:15  Roach x5  
  132  8:16  Roach  
  138  8:20  Hatchery  
  138  8:23  Ravager  
  138  8:24  Ravager x3  
  134  8:30  Roach  
  134  8:31  Roach x7  
  119  8:41  Roach  
  119  8:42  Roach x5  
  131  8:55  Roach x7  
  136  8:56  Roach x3  
  137  9:03  Roach x4  
  139  9:13  Roach x6  
  138  9:30  Roach x8  
  136  9:44  Roach  
  136  9:45  Roach x2  
  140  9:57  Hatchery, Hydralisk x3  
  145  10:03  Hatchery, Hydralisk x2, Roach x5  
  145  10:05  Hydralisk  
  150  10:14  Hydralisk  
  150  10:15  Hydralisk  
  150  10:17  Overlord  
  150  10:19  Nydus Canal  
  154  10:25  Infestation Pit  
  154  10:26  Lurker Den  
  152  10:32  Zergling x2  
  152  10:33  Zergling x14  
  138  10:36  Nydus Canal  
  138  10:38  Ravager  
  138  10:39  Ravager x2  
  138  10:41  Zergling x4  
  141  10:49  Zergling x10  
Show
View Real Time Build Order
Export as new Build Order

Kelazhur Terran - Winner!

Build Orders: Reaper Expand, Hellion Banshee 

Get SALT Encoding   

  12  0:00  SCV  
  13  0:12  SCV  
  14  0:17  Supply Depot  
  14  0:24  SCV  
  15  0:39  SCV  
  15  0:40  Barracks  
  16  0:43  Refinery  
  16  0:51  SCV  
  17  1:03  SCV  
  18  1:15  SCV  
  19  1:27  Reaper, Orbital Command  
  20  1:37  Command Center  
  20  1:46  Supply Depot  
  20  1:53  SCV  
  21  1:59  Marine  
  22  2:03  Factory  
  22  2:05  SCV  
  23  2:17  SCV  
  23  2:20  Barracks Reactor  
  24  2:30  SCV  
  25  2:41  Command Center  
  25  2:42  SCV  
  26  2:55  SCV, Orbital Command  
  27  3:00  Starport  
  27  3:06  Hellion x2  
  27  3:08  SCV  
  32  3:13  Refinery  
  32  3:15  Barracks Tech Lab  
  32  3:20  SCV x2  
  34  3:28  Hellion x2  
  34  3:33  SCV  
  39  3:35  SCV  
  40  3:45  SCV  
  40  3:47  SCV, Banshee  
  45  3:53  Orbital Command  
  45  3:57  SCV  
  45  3:58  Hellion x2  
  45  3:59  SCV  
  51  4:04  Barracks Tech Lab  
  51  4:06  Bunker  
  51  4:08  Marine  
  51  4:09  SCV  
  53  4:12  SCV, Supply Depot  
  54  4:20  SCV  
  54  4:21  SCV  
  54  4:24  SCV  
  57  4:26  Barracks Tech Lab, Supply Depot  
  57  4:32  SCV  
  57  4:33  SCV  
  57  4:36  SCV  
  60  4:41  Barracks x2  
  60  4:43  Starport Reactor  
  60  4:44  SCV  
  60  4:45  SCV, Stimpack  
  62  4:47  Siege Tank  
  62  4:49  SCV  
  66  4:53  Refinery  
  66  4:54  Refinery, Supply Depot  
  66  4:56  SCV  
  66  4:57  SCV  
  68  5:01  SCV  
  66  5:09  SCV  
  66  5:10  SCV  
  66  5:11  Marine  
  66  5:14  SCV  
  68  5:16  Engineering Bay x2  
  69  5:26  Orbital Command  
  69  5:27  SCV x2  
  69  5:28  Barracks x2  
  70  5:30  Marine x2  
  70  5:33  Siege Tank, Marine  
  76  5:38  Starport Reactor  
  76  5:39  SCV  
  76  5:40  Marine, Supply Depot x2  
  76  5:41  Marine  
  76  5:42  Terran Infantry Weapons Level 1, Terran Infantry Armor Level 1  
  79  5:45  SCV  
  79  5:49  Marine x2  
  81  5:51  SCV  
  81  5:53  SCV  
  81  5:56  Marine  
  85  6:01  SCV  
  85  6:03  Supply Depot  
  85  6:04  SCV, Supply Depot  
  87  6:06  Marine x2  
  87  6:07  SCV  
  88  6:13  SCV  
  88  6:14  Marine x3, Siege Tank  
  88  6:15  Medivac x2  
  88  6:16  Barracks Reactor  
  100  6:18  SCV  
  100  6:21  Supply Depot  
  100  6:22  SCV  
  100  6:23  Supply Depot  
  101  6:25  SCV  
  101  6:27  Marine  
  101  6:28  Marine  
  101  6:30  SCV  
  101  6:31  Refinery  
  105  6:33  Marine x2, Armory  
  105  6:34  Barracks Reactor  
  107  6:40  Marine  
  107  6:43  SCV x2  
  107  6:44  SCV  
  111  6:49  Siege Tank  
  111  6:50  Supply Depot x2  
  111  6:51  Marine x2  
  116  6:55  Marine x3  
  116  6:56  Marine  
  116  6:57  Combat Shield  
  116  6:58  Marine  
  121  7:04  Supply Depot  
  121  7:07  Medivac x2  
  125  7:08  Marine  
  125  7:09  Marine  
  127  7:18  Marine x7  
  127  7:22  Siege Tank  
  137  7:29  Marine x2  
  135  7:36  Marine x2  
  131  7:37  Marine x4  
  131  7:38  Marauder  
  131  7:39  Command Center  
  131  7:42  Terran Infantry Armor Level 2  
  137  7:47  Bunker, Marine x2  
  137  7:51  Terran Infantry Weapons Level 2  
  139  7:52  Medivac  
  139  7:54  Marine x2  
  139  7:55  Marine, Medivac  
  139  7:56  Supply Depot  
  146  8:01  Marine x2, Marauder  
  150  8:06  Sensor Tower, Supply Depot  
  150  8:07  Marine x2  
  144  8:19  Marine  
  143  8:20  Marine x5  
  143  8:22  Marine, Medivac  
  143  8:24  Marine  
  151  8:27  Siege Tank  
  151  8:30  Marine  
  154  8:37  Marine, Medivac  
  154  8:38  Marine x5  
  154  8:40  Marine  
  153  8:42  Marine  
  153  8:46  Barracks  
  154  8:49  Marine  
  154  8:55  Marine x2  
  146  8:56  Marine x2  
  146  8:57  Marine x2  
  146  8:58  Marine  
  146  8:59  Siege Tank  
  146  9:02  Marine  
  155  9:04  Medivac  
  155  9:07  Marine, Medivac  
  155  9:13  Marine  
  155  9:15  Marine  
  155  9:16  Marauder  
  159  9:18  Marine x3  
  159  9:21  Marine  
  159  9:22  Marine  
  159  9:25  Marine  
  159  9:30  Marine  
  150  9:31  Siege Tank  
  150  9:33  Marine  
  150  9:34  Medivac  
  150  9:36  Marine x3, Medivac  
  150  9:37  Barracks Tech Lab, Barracks, Marine  
  157  9:39  Marine x2  
  157  9:40  SCV x2, Barracks  
  157  9:43  Factory  
  158  9:47  Marine  
  158  9:52  Marine  
  158  9:53  Refinery  
  158  9:54  Marine  
  158  9:55  Marauder  
  158  9:57  Planetary Fortress  
  161  10:00  Marine, Concussive Shells, Marauder  
  161  10:01  Marine  
  161  10:04  Medivac  
  167  10:08  Supply Depot  
  167  10:10  Marine  
  167  10:14  SCV x3  
  170  10:19  Marine  
  170  10:20  Marine, Marauder  
  175  10:21  Marine  
  175  10:23  Siege Tank  
  175  10:25  Marine  
  175  10:28  Barracks Tech Lab x2  
  180  10:35  Marine, Medivac  
  178  10:36  Marauder, Marine x2  
  178  10:39  Marine x2  
  183  10:47  SCV x2  
  184  10:54  Missile Turret  
Tags
 
Add a new tag
Caveats
  • Supply blocks, unpowered buildings, or Contaminate may cause inaccurate times.
  • Supply counts are checked every 10 seconds.